 Dungeon Crawl Stone Soup version 0.24-b1 (webtiles) character file.

Game seed: 5478019315479421905, levelgen mode: deterministic

609 Arixos the Charmwright (level 7, 0/36 HPs)
             Began as a Vine Stalker Skald on Oct 12, 2019.
             Killed from afar by Grinder (5 damage)
             ... with a puff of flame
             ... on level 4 of the Dungeon.
             The game lasted 00:17:18 (3624 turns).

Arixos the Charmwright (Vine Stalker Skald)         Turns: 3624, Time: 00:17:18

Health: 0/36       AC:  6    Str: 13    XL:     7   Next: 43%
Magic:  0/13       EV: 13    Int: 13    God:
Gold:   146        SH:  0    Dex: 16    Spells: 5/13 levels left

rFire    . . .     SeeInvis +   a - +0 falchion
rCold    . . .     Gourm    .   (no shield)
rNeg     . . .     Faith    .   b - +0 leather armour
rPois    .         Spirit   +   (no helmet)
rElec    .         Reflect  .   g - +2 cloak
rCorr    .         Harm     .   (no gloves)
MR       .....                  (no boots)
Stlth    +.........             (no amulet)
HPRegen  0.52/turn              j - ring of see invisible
MPRegen  0.13/turn              (no ring)

@: very slightly contaminated
A: fangs 2, regeneration 1, magic shield, antimagic bite, no potion heal 3, rot
immunity
a: no special abilities


You were on level 4 of the Dungeon.
You were hungry.

You visited 1 branch of the dungeon, and saw 4 of its levels.

You collected 146 gold pieces.

Inventory:

Hand Weapons
 a - a +0 falchion (weapon)
Missiles
 o - 2 curare-tipped darts (quivered)
Armour
 b - a +0 leather armour (worn)
 g - a +2 cloak (worn)
Jewellery
 j - a ring of see invisible (left hand)
 x - an uncursed ring of flight {unknown}
Scrolls
 c - a scroll of fog {unknown}
 f - a scroll of immolation {unknown}
 h - 4 scrolls of remove curse
 i - 2 scrolls of amnesia {unknown}
 k - 2 scrolls of identify {unknown}
 m - 3 scrolls of enchant armour {unknown}
 n - 2 scrolls of enchant weapon {unknown}
 r - a scroll of teleportation {unknown}
Potions
 e - a potion of curing
 l - 2 potions of cancellation {unknown}
 p - a potion of flight {unknown}
 q - a potion of heal wounds {unknown}
 s - a potion of resistance {unknown}
 t - a potion of degeneration {unknown}
 u - a potion of might {unknown}
 w - a potion of lignification {unknown}
Comestibles
 d - 13 rations


   Skills:
 + Level 3.3 Fighting
 + Level 3.2 Long Blades
 - Level 0.7 Armour
 + Level 2.9 Dodging
 + Level 3.9 Spellcasting
 + Level 4.2 Charms
 + Level 1.1 Necromancy
 + Level 2.6 Translocations


You had 5 spell levels left.
You knew the following spells:

 Your Spells              Type           Power        Failure   Level  Hunger
a - Song of Slaying       Chrm           ##......     7%          2    ##.....
b - Infusion              Chrm           ##..         4%          1    None
r - Regeneration          Chrm/Necr      #.........   26%         3    ###....
s - Shroud of Golubria    Chrm/Tloc      ##....       10%         2    ##.....

Your spell library contained the following spells:

 Spells                   Type           Power        Failure   Level  Hunger
 Spectral Weapon          Hex/Chrm       #.......     32%         3    ###....


Dungeon Overview and Level Annotations

Branches:
Dungeon (4/15)
 Temple: D:4-7

Altars:
Nemelex Xobeh
Ru
Uskayaw
Xom

Annotations:
D:4 Grinder


Innate Abilities, Weirdness & Mutations

You have extremely sharp teeth.
Your natural rate of healing is unusually fast.
When hurt, damage is shared between your health and your magic reserves.
Your bite disrupts and absorbs the magic of your enemies.
Potions cannot restore your health.
You are immune to rotting.


Message History

Grinder is severely wounded.
You hit Grinder but do no damage. Your bite misses Grinder.
Grinder is severely wounded.
Grinder zaps a wand.
The puff of flame hits you.
* * * LOW HITPOINT WARNING * * *
You closely miss Grinder.
Grinder is severely wounded.
Grinder hits you.
* * * LOW HITPOINT WARNING * * *
Your shroud falls apart!
Casting: Shroud of Golubria (safe; 10% risk of failure)
Confirm with . or Enter, or press ? or * to list all spells.
You miscast Shroud of Golubria.
You are very lightly contaminated with residual magic.
Your hands glow momentarily.
Grinder gestures at you. Pain shoots through your body!
* * * LOW HITPOINT WARNING * * *
Grinder zaps a wand.
The puff of flame hits you.
You die...

.# #.#
..... #.#
.#..# .#
#.# .# .# .
#.# .# # #.
#.# ... .
#.# .###
### #. #.#
.# #...#.#
#.# ..
'.⌠.'..##@#
#..5..#
#.##### ..
... ###


You could see Grinder.

Vanquished Creatures
  An ogre (D:4)
  A phantom (D:4)
  A howler monkey (D:4)
  Crazy Yiuf (D:3)
  A hound (D:4)
  A bullfrog skeleton (D:4)
  Natasha (thrice) (D:3)
  An orc wizard (D:3)
  4 gnolls (D:4)
  8 adders
  3 oozes
  2 dart slugs (D:3)
  6 leopard geckos
  8 orcs
  4 giant cockroaches
  5 goblins
  7 hobgoblins
  3 jackals (D:3)
  5 kobolds
  A quokka (D:4)
  2 ball pythons
  8 bats
  7 frilled lizards
  8 rats
91 creatures vanquished.

Notes
Turn   | Place    | Note
-------+----------+-------------------------------------------
     0 | D:1      | Arixos the Vine Stalker Skald began the quest for the Orb.
     0 | D:1      | Reached XP level 1. HP: 11/11 MP: 4/4
   296 | D:1      | Reached XP level 2. HP: 15/15 MP: 4/6
   325 | D:1      | Learned a level 2 spell: Shroud of Golubria
   799 | D:1      | Reached XP level 3. HP: 18/18 MP: 7/7
   891 | D:1      | Learned a level 2 spell: Song of Slaying
  1163 | D:2      | Found a hide-covered altar of Uskayaw.
  1670 | D:3      | Gained mutation: Your natural rate of healing is unusually
                  | fast. [Vine Stalker growth]
  1670 | D:3      | Reached XP level 4. HP: 23/23 MP: 5/9
  1739 | D:3      | Noticed Natasha
  1748 | D:3      | Killed Natasha
  1748 | D:3      | Reached skill level 1 in Translocations
  1827 | D:3      | Reached XP level 5. HP: 26/27 MP: 10/10
  1947 | D:3      | Noticed Natasha
  1978 | D:3      | Killed Natasha
  2030 | D:3      | Noticed Natasha
  2041 | D:3      | Killed Natasha
  2152 | D:3      | Found a runed translucent door.
  2153 | D:3      | Noticed Crazy Yiuf
  2458 | D:3      | Killed Crazy Yiuf
  2458 | D:3      | Reached XP level 6. HP: 27/32 MP: 9/11
  2954 | D:3      | Found a sacrificial altar of Ru.
  2956 | D:3      | Found a sparkling altar of Nemelex Xobeh.
  3134 | D:4      | Noticed a phantom
  3169 | D:4      | Killed a phantom
  3169 | D:4      | Reached skill level 4 in Charms
  3174 | D:4      | Learned a level 3 spell: Regeneration
  3242 | D:4      | Reached XP level 7. HP: 32/36 MP: 13/13
  3503 | D:4      | Found a shimmering altar of Xom.
  3565 | D:4      | Reached skill level 1 in Necromancy
  3577 | D:4      | Noticed Grinder
  3624 | D:4      | Killed from afar by Grinder

Skill      XL: |  1  2  3  4  5  6  7 |
---------------+----------------------+-----
Fighting       | 2 3 |  3.3
Long Blades    | 2 3 |  3.2
Dodging        | 2 |  2.9
Translocations | 1 2 |  2.6
Spellcasting   | 3 |  3.9
Charms         | 4 |  4.2
Necromancy     | 1 |  1.1
Armour         | |  0.7

Action                   |  1- 3 |  4- 6 |  7- 9 || total
-------------------------+-------+-------+-------++-------
Melee: Falchion          |    90 |   151 |    83 ||   324
       Bite              |    28 |    58 |    26 ||   112
 Cast: Shroud of Golubri |     4 |    24 |    13 ||    41
       Song of Slaying   |       |     5 |     3 ||     8
  Use: Scroll            |       |     1 |       ||     1
 Stab: Sleeping          |       |     2 |     1 ||     3
  Eat: Chunk             |     3 |     7 |     2 ||    12
Armor: Leather armour    |    29 |    48 |    23 ||   100
Dodge: Dodged            |    57 |    92 |    59 ||   208
       Rpst.: Falchion   |    19 |    32 |    19 ||    70
